 Dungeon Crawl Stone Soup version 0.21.1-1-g345015f (webtiles) character file.

137 nightchill the Sneak (level 5, -8/26 HPs)
             Began as a Vine Stalker Assassin on May 27, 2018.
             Killed by divine providence
             ... invoked by an orc priest
              (14 damage)
             ... on level 3 of the Dungeon on May 28, 2018.
             The game lasted 00:08:09 (1846 turns).

nightchill the Sneak (Vine Stalker Assassin)        Turns: 1846, Time: 00:08:10

Health: -8/26      AC:  6    Str: 13    XL:     5   Next: 20%
Magic:  0/6        EV: 10    Int: 11    God:
Gold:   170        SH:  0    Dex: 17    Spells: 4/4 levels left

rFire    . . .     SeeInvis .   a - +2 dagger
rCold    . . .     Gourm    .   (no shield)
rNeg     . . .     Faith    .   r - +0 ring mail
rPois    .         Spirit   +   (no helmet)
rElec    .         Reflect  .   d - +0 cloak
rCorr    .         Harm     .   (no gloves)
MR       .....                  (no boots)
Stlth    +++.......             (no amulet)
HPRegen  0.48/turn              (no ring)
MPRegen  0.10/turn              (no ring)

@: no status effects
A: fangs 2, regeneration 1, magic shield, antimagic bite, no potion heal 3, rot
immunity
a: no special abilities


You were on level 3 of the Dungeon.
You were not hungry.

You visited 1 branch of the dungeon, and saw 3 of its levels.

You collected 170 gold pieces.

Inventory:

Hand Weapons
 a - a +2 dagger (weapon)
 b - a +0 blowgun
Missiles
 e - 20 poisoned needles
 f - 2 curare-tipped needles
 j - 35 stones (quivered)
Armour
 c - a +0 robe
 d - a +0 cloak (worn)
 r - a +0 ring mail (worn)
Jewellery
 o - an uncursed ring of protection from magic {unknown}
 p - an uncursed amulet of harm {unknown}
Scrolls
 h - 3 scrolls of identify {unknown}
 i - a scroll of immolation {unknown}
 k - a scroll of random uselessness {unknown}
 n - a scroll of fog {unknown}
Potions
 l - a potion of flight {unknown}
 m - a potion of curing {unknown}
Comestibles
 g - 2 rations
 q - 3 chunks of flesh


   Skills:
 - Level 1.7 Fighting
 * Level 4.3 Short Blades
 - Level 1.7 Throwing
 - Level 0.7 Dodging
 + Level 5.6 Stealth


You had 4 spell levels left.
You didn't know any spells.

Dungeon Overview and Level Annotations

Branches:
Dungeon (3/15)

Altars:
Nemelex Xobeh

Annotations:
D:2 exclusion: downstairs


Innate Abilities, Weirdness & Mutations

You have extremely sharp teeth.
Your natural rate of healing is unusually fast.
When hurt, damage is shared between your health and your magic reserves.
Your bite disrupts and absorbs the magic of your enemies.
Potions cannot restore your health.
You are immune to rotting.


Message History

Pain shoots through your body!
An adder comes into view.
You barely miss the orc wizard.
The adder hisses angrily.
You kill the orc wizard!
You have reached level 5!
The orc misses you.
The orc throws a tomahawk of returning.
The tomahawk of returning hits you!
* * * LOW HITPOINT WARNING * * *
The weapon returns to the orc!
There is a stone staircase leading up, spattered with blood here.
The orc throws a tomahawk of returning.
The tomahawk of returning barely misses you.
You see here a tomahawk of returning.
You hit the orc but do no damage. The orc hits you.
* * * LOW HITPOINT WARNING * * *
The orc priest calls down the wrath of Beogh upon you.
Beogh smites you!
Ouch! That really hurt!
You die...

....... .......
.........
..........
...........
...........# ###
...........## ....
.......>S..@##.....
.......o.o.o.......
..........o........
..........)###.....
..........####.....
.............# ####
#......$.o.#..#
#.........o# ..#
#........<.# .#


You could see an orc priest, an adder and 4 orcs.

Vanquished Creatures
  An orc wizard (D:3)
  2 gnolls (D:2)
  4 adders (D:2)
  2 leopard geckos (D:2)
  4 orcs (D:2)
  2 giant cockroaches (D:1)
  7 goblins
  3 hobgoblins
  7 jackals
  8 kobolds
  2 quokkas (D:2)
  2 ball pythons
  3 bats
  4 frilled lizards
  A fungus (D:1)
52 creatures vanquished.

Notes
Turn   | Place    | Note
-------+----------+-------------------------------------------
     0 | D:1      | nightchill the Vine Stalker Assassin began the quest for the Orb.
     0 | D:1      | Reached XP level 1. HP: 11/11 MP: 2/2
   256 | D:1      | Reached XP level 2. HP: 14/15 MP: 1/3
   645 | D:1      | Reached XP level 3. HP: 18/18 MP: 4/4
   765 | D:2      | Found a sparkling altar of Nemelex Xobeh.
   950 | D:2      | Reached skill level 5 in Stealth
  1089 | D:2      | Found a sparkling altar of Nemelex Xobeh.
  1153 | D:2      | Gained mutation: Your natural rate of healing is unusually fast. [Vine Stalker growth]
  1153 | D:2      | Reached XP level 4. HP: 21/23 MP: 5/5
  1843 | D:3      | Reached XP level 5. HP: 11/26 MP: 3/6
  1846 | D:3      | Killed from afar by an orc priest

Skill      XL: |  1  2  3  4 |
---------------+-------------+-----
Short Blades   | 2 3 4 |  4.3
Stealth        | 5 |  5.6
Fighting       | |  1.7
Throwing       | |  1.7
Dodging        | |  0.7

Action                   |  1- 3 |  4- 6 || total
-------------------------+-------+-------++-------
Melee: Dagger            |   112 |    87 ||   199
       Bite              |    33 |    28 ||    61
 Stab: Sleeping          |     5 |       ||     5
  Eat: Chunk             |       |     3 ||     3
Armor: Robe              |    29 |     9 ||    38
       Ring mail         |       |    17 ||    17
Dodge: Dodged            |    64 |    53 ||   117
